General information
- name: BNet
- type: Ladder team game (AT/RT)
- host: Battle.net
- saver: DOGSANDHORSE.RU
map: Slalom
- players: 8
- length: 25:18
- speed: Fast
- version: 1.24 W3XP
- replay type:

» download(232 KB)
Players
team 1 (loser)
MK4strong (
yellow | 91 APM | 2291 actions | 25:17)
3 Archmage
2 Summon Water Elemental
1 Brilliance Aura
1 Mountain King
1 Storm Bolt
» actions
| Assign group hotkey | 10 | |
| Build / train | 72 | |
| Enter build submenu | 20 | |
| Enter hero's abilities submenu | 4 | |
| Remove unit from queue | 3 | |
| Right click | 1146 | |
| Select / deselect | 444 | |
| Select group hotkey | 523 | |
| Use ability | 69 | |
2291 total
» units
| Peasant | 13 | |
| Footman | 9 | |
| Sorceress | 3 | |
| Spell Breaker | 2 | |
| Priest | 4 | |
| Mortar Team | 1 | |
| Siege Engine | 6 | |
38 total
» upgrades
| Masonry | 1 | |
| Defend | 1 | |
| Lumber Harvesting | 2 | |
| Sorceress Training | 2 | |
| Priest Training | 1 | |
| Magic Sentry | 1 | |
| Barrage | 1 | |
| Plating | 1 | |
10 total
» buildings
| Altar of Kings | 1 | |
| Barracks | 1 | |
| Farm | 14 | |
| Scout Tower | 1 | |
| Lumber Mill | 1 | |
| Arcane Tower | 4 | |
| Keep | 1 | |
| Arcane Vault | 1 | |
| Castle | 1 | |
| Arcane Sanctum | 2 | |
| Blacksmith | 1 | |
| Workshop | 2 | |
| Cannon Tower | 1 | |
31 total
» build order
00:07 Altar of Kings
00:21 Barracks
00:36 Farm
00:51 Farm
01:36 Farm
02:09 Scout Tower
02:39 Lumber Mill
02:41 Arcane Tower
03:15 Keep
04:31 Farm
04:33 Arcane Vault
05:55 Castle
07:07 Arcane Sanctum
07:12 Arcane Sanctum
08:24 Farm
08:25 Farm
08:27 Farm
08:28 Farm
11:21 Blacksmith
11:43 Arcane Tower
11:45 Arcane Tower
11:47 Arcane Tower
14:05 Farm
14:44 Workshop
14:47 Workshop
15:37 Farm
15:38 Farm
15:38 Farm
15:38 Farm
15:39 Farm
23:56 Cannon Tower
» items
| Scroll of Regeneration | 1 | |
| Ivory Tower | 7 | |
8 total
Morragh (
green | 70 APM | 1773 actions | 25:09)
4 Death Knight
2 Death Coil
2 Unholy Aura
4 Lich
2 Frost Armor
2 Frost Nova
» actions
| Assign group hotkey | 27 | |
| Basic commands | 1 | |
| Build / train | 50 | |
| Enter build submenu | 20 | |
| Enter hero's abilities submenu | 8 | |
| Give item / drop item | 2 | |
| Remove unit from queue | 1 | |
| Right click | 733 | |
| Select / deselect | 243 | |
| Select group hotkey | 618 | |
| Use ability | 70 | |
1773 total
» units
| Acolyte | 10 | |
| Ghoul | 3 | |
| Crypt Fiend | 5 | |
| Obsidian Statue | 2 | |
| Frost Wyrm | 1 | |
| Abomination | 3 | |
24 total
» upgrades
| Web | 1 | |
| Burrow | 1 | |
| Creature Attack | 1 | |
| Creature Carapace | 1 | |
4 total
» buildings
| Altar of Darkness | 1 | |
| Ziggurat | 8 | |
| Crypt | 1 | |
| Graveyard | 1 | |
| Tomb of Relics | 1 | |
| Halls of the Dead | 1 | |
| Nerubian Tower | 1 | |
| Black Citadel | 1 | |
| Sacrificial Pit | 1 | |
| Slaughterhouse | 1 | |
| Boneyard | 2 | |
| Spirit Tower | 2 | |
21 total
» build order
00:07 Altar of Darkness
00:09 Ziggurat
00:32 Crypt
00:56 Graveyard
01:11 Tomb of Relics
01:39 Ziggurat
03:06 Halls of the Dead
04:18 Nerubian Tower
05:38 Ziggurat
05:57 Black Citadel
06:15 Sacrificial Pit
07:10 Slaughterhouse
08:19 Boneyard
09:02 Boneyard
09:28 Ziggurat
13:00 Ziggurat
13:01 Ziggurat
13:03 Ziggurat
13:05 Ziggurat
14:29 Spirit Tower
19:05 Spirit Tower
» items
| Rod of Necromancy | 1 | |
| Dust of Appearance | 2 | |
| Potion of Healing | 2 | |
| Orb of Corruption | 1 | |
| Scroll of Town Portal | 1 | |
7 total
Nooby2007 (
teal | 35 APM | 757 actions | 21:21)
2 Blademaster
1 Wind Walk
1 Critical Strike
» actions
| Basic commands | 2 | |
| Build / train | 42 | |
| Enter build submenu | 21 | |
| Enter hero's abilities submenu | 2 | |
| Remove unit from queue | 4 | |
| Right click | 407 | |
| Select / deselect | 239 | |
| Use ability | 40 | |
757 total
» units
| Peon | 7 | |
| Grunt | 2 | |
| Demolisher | 14 | |
| Troll Batrider | 3 | |
26 total
» upgrades
| Armor | 1 | |
| Ranged Weapons | 1 | |
| Burning Oil | 1 | |
| Liquid Fire | 1 | |
| Reinforced Defenses | 1 | |
5 total
» buildings
| Altar of Storms | 1 | |
| Orc Burrow | 6 | |
| Barracks | 2 | |
| Voodoo Lounge | 1 | |
| Stronghold | 1 | |
| War Mill | 1 | |
| Fortress | 1 | |
| Spirit Lodge | 2 | |
| Beastiary | 2 | |
| Watch Tower | 5 | |
22 total
» build order
00:06 Altar of Storms
00:10 Orc Burrow
00:36 Barracks
01:36 Orc Burrow
02:27 Voodoo Lounge
02:50 Stronghold
04:01 Orc Burrow
04:06 Orc Burrow
04:14 Orc Burrow
04:21 War Mill
05:01 Barracks
07:25 Fortress
08:20 Orc Burrow
10:06 Spirit Lodge
10:12 Spirit Lodge
10:22 Beastiary
10:26 Beastiary
14:40 Watch Tower
14:42 Watch Tower
20:16 Watch Tower
20:20 Watch Tower
20:22 Watch Tower
» items
| Scroll of Speed | 1 | |
| Healing Salve | 1 | |
| Lesser Clarity Potion | 1 | |
| Orb of Lightning | 1 | |
4 total
sinie-nebesa (
red | 52 APM | 1324 actions | 25:13)
3 Blademaster
2 Wind Walk
1 Critical Strike
» actions
| Assign group hotkey | 23 | |
| Basic commands | 2 | |
| Build / train | 39 | |
| Enter build submenu | 16 | |
| Enter hero's abilities submenu | 3 | |
| Right click | 633 | |
| Select / deselect | 268 | |
| Select group hotkey | 301 | |
| Use ability | 39 | |
1324 total
» units
| Peon | 11 | |
| Tauren | 7 | |
| Spirit Walker | 9 | |
27 total
» upgrades
| Spirit Walker Training | 2 | |
| Pulverize | 1 | |
| Armor | 1 | |
| Pillage | 1 | |
5 total
» buildings
| Altar of Storms | 1 | |
| Orc Burrow | 8 | |
| Stronghold | 1 | |
| Voodoo Lounge | 1 | |
| War Mill | 1 | |
| Fortress | 1 | |
| Spirit Lodge | 1 | |
| Tauren Totem | 2 | |
| Great Hall | 1 | |
17 total
» build order
00:22 Altar of Storms
00:26 Orc Burrow
02:02 Stronghold
02:10 Voodoo Lounge
02:20 Orc Burrow
02:51 War Mill
04:25 Fortress
04:32 Spirit Lodge
04:38 Orc Burrow
05:36 Orc Burrow
06:56 Tauren Totem
07:00 Tauren Totem
07:39 Orc Burrow
10:56 Orc Burrow
13:36 Great Hall
14:14 Orc Burrow
15:09 Orc Burrow
» items
team 2 (winner)
4FebIggysReturn (
purple | 114 APM | 2894 actions | 25:18)
3 Mountain King
2 Storm Bolt
1 Bash
3 Paladin
2 Holy Light
1 Divine Shield
» actions
| Assign group hotkey | 196 | |
| Basic commands | 19 | |
| Build / train | 116 | |
| ESC pressed | 5 | |
| Enter build submenu | 72 | |
| Enter hero's abilities submenu | 7 | |
| Give item / drop item | 4 | |
| Remove unit from queue | 2 | |
| Right click | 1325 | |
| Select / deselect | 384 | |
| Select group hotkey | 538 | |
| Use ability | 225 | |
2894 total
» units
| Peasant | 24 | |
| Dragonhawk Rider | 6 | |
30 total
» upgrades
| Masonry | 3 | |
| Lumber Harvesting | 2 | |
| Armor | 3 | |
| Swords | 2 | |
| Cloud | 1 | |
| Magic Sentry | 1 | |
| Animal War Training | 1 | |
| Storm Hammers | 1 | |
14 total
» buildings
| Altar of Kings | 1 | |
| Farm | 5 | |
| Scout Tower | 105 | |
| Lumber Mill | 1 | |
| Arcane Tower | 2 | |
| Guard Tower | 36 | |
| Arcane Vault | 1 | |
| Keep | 2 | |
| Town Hall | 1 | |
| Gryphon Aviary | 2 | |
| Blacksmith | 1 | |
| Castle | 1 | |
| Arcane Sanctum | 1 | |
| Barracks | 1 | |
160 total
» build order
00:01 Altar of Kings
00:02 Farm
01:28 Scout Tower
01:29 Scout Tower
01:42 Scout Tower
01:54 Scout Tower
01:54 Scout Tower
02:07 Farm
02:09 Lumber Mill
02:34 Scout Tower
02:34 Scout Tower
02:36 Arcane Tower
02:36 Arcane Tower
03:01 Guard Tower
03:03 Guard Tower
03:04 Scout Tower
03:05 Scout Tower
03:31 Scout Tower
03:32 Scout Tower
03:54 Guard Tower
04:07 Guard Tower
04:08 Scout Tower
04:09 Scout Tower
04:37 Scout Tower
04:37 Scout Tower
04:38 Guard Tower
04:46 Scout Tower
04:47 Scout Tower
05:08 Guard Tower
05:15 Scout Tower
05:16 Scout Tower
05:23 Scout Tower
05:27 Arcane Vault
05:35 Keep
05:35 Keep
05:48 Guard Tower
06:02 Scout Tower
06:04 Scout Tower
06:06 Scout Tower
07:15 Town Hall
07:18 Scout Tower
07:19 Scout Tower
07:19 Scout Tower
07:20 Scout Tower
07:21 Scout Tower
07:22 Scout Tower
07:23 Scout Tower
07:24 Scout Tower
07:25 Scout Tower
07:25 Scout Tower
07:26 Scout Tower
07:28 Guard Tower
07:34 Farm
07:35 Farm
07:36 Farm
08:06 Guard Tower
08:21 Guard Tower
08:25 Guard Tower
08:25 Guard Tower
09:00 Guard Tower
09:16 Guard Tower
09:18 Guard Tower
09:18 Guard Tower
10:29 Scout Tower
10:30 Scout Tower
10:33 Scout Tower
10:34 Scout Tower
10:37 Scout Tower
10:40 Scout Tower
10:41 Scout Tower
10:41 Scout Tower
10:42 Scout Tower
10:42 Scout Tower
10:43 Scout Tower
10:44 Scout Tower
10:46 Scout Tower
10:48 Scout Tower
10:49 Scout Tower
10:49 Scout Tower
10:50 Scout Tower
10:57 Gryphon Aviary
10:58 Gryphon Aviary
11:01 Blacksmith
11:26 Castle
13:44 Guard Tower
13:45 Guard Tower
13:54 Guard Tower
13:54 Guard Tower
13:54 Guard Tower
14:36 Arcane Sanctum
16:04 Scout Tower
16:05 Scout Tower
16:06 Scout Tower
16:06 Scout Tower
16:50 Barracks
16:56 Guard Tower
16:56 Guard Tower
16:57 Guard Tower
17:37 Guard Tower
17:39 Scout Tower
17:41 Scout Tower
17:42 Scout Tower
17:42 Scout Tower
17:43 Scout Tower
18:36 Guard Tower
18:49 Scout Tower
18:50 Scout Tower
19:06 Scout Tower
19:07 Scout Tower
19:08 Scout Tower
19:12 Scout Tower
19:13 Scout Tower
19:14 Scout Tower
19:16 Scout Tower
19:18 Guard Tower
19:47 Scout Tower
19:48 Scout Tower
19:49 Guard Tower
19:50 Guard Tower
20:50 Guard Tower
22:39 Scout Tower
22:41 Scout Tower
22:42 Scout Tower
22:42 Scout Tower
22:43 Scout Tower
22:44 Scout Tower
22:45 Scout Tower
22:46 Scout Tower
22:46 Scout Tower
22:47 Scout Tower
22:50 Scout Tower
22:54 Scout Tower
22:55 Scout Tower
22:55 Scout Tower
22:56 Scout Tower
22:57 Scout Tower
22:58 Scout Tower
22:59 Scout Tower
22:59 Scout Tower
23:00 Scout Tower
23:01 Scout Tower
23:02 Scout Tower
23:03 Scout Tower
23:04 Scout Tower
23:05 Scout Tower
23:06 Scout Tower
23:07 Scout Tower
23:09 Scout Tower
23:09 Scout Tower
23:10 Scout Tower
23:11 Scout Tower
23:11 Scout Tower
23:13 Scout Tower
23:14 Scout Tower
23:45 Guard Tower
24:21 Guard Tower
24:21 Guard Tower
» items
| Orb of Lightning | 2 | |
| Staff of Sanctuary | 1 | |
| Boots of Speed | 1 | |
| Staff of Teleportation | 1 | |
| Circlet of Nobility | 1 | |
| Scroll of Town Portal | 1 | |
7 total
DOGSANDHORSE.RU (
orange | 99 APM | 2513 actions | 25:18)
4 Pandaren Brewmaster
2 Breath of Fire
2 Drunken Haze
3 Goblin Tinker
2 Cluster Rockets
1 Engineering Upgrade
» actions
| Assign group hotkey | 5 | |
| Build / train | 60 | |
| Enter build submenu | 23 | |
| Enter hero's abilities submenu | 7 | |
| Give item / drop item | 9 | |
| Right click | 1718 | |
| Select / deselect | 232 | |
| Select group hotkey | 334 | |
| Use ability | 120 | |
2513 total
» units
» upgrades
| Ultravision | 1 | |
| Strength of the Wild | 3 | |
| Nature's Blessing | 1 | |
| Reinforced Hides | 3 | |
| Well Spring | 1 | |
| Corrosive Breath | 1 | |
10 total
» buildings
| Altar of Elders | 2 | |
| Moon Well | 17 | |
| Hunter's Hall | 1 | |
| Tree of Ages | 1 | |
| Ancient of Wind | 1 | |
| Tree of Eternity | 1 | |
| Chimaera Roost | 3 | |
26 total
» build order
01:08 Altar of Elders
01:10 Moon Well
01:28 Altar of Elders
03:03 Moon Well
04:08 Moon Well
04:34 Hunter's Hall
05:08 Tree of Ages
06:07 Moon Well
07:19 Moon Well
07:21 Moon Well
07:22 Moon Well
09:21 Ancient of Wind
10:37 Tree of Eternity
11:03 Moon Well
11:04 Moon Well
12:52 Moon Well
12:53 Moon Well
12:53 Moon Well
13:05 Chimaera Roost
16:28 Moon Well
16:30 Chimaera Roost
16:31 Chimaera Roost
17:33 Moon Well
17:34 Moon Well
17:34 Moon Well
17:35 Moon Well
» items
| Healing Salve | 2 | |
| Staff of Teleportation | 3 | |
| Boots of Speed | 2 | |
| Orb of Lightning | 2 | |
| Staff of Sanctuary | 2 | |
| Scroll of Town Portal | 1 | |
12 total
thisis_IGGY (
pink | 97 APM | 2445 actions | 25:18)
4 Blademaster
2 Wind Walk
2 Critical Strike
» actions
| Assign group hotkey | 273 | |
| Basic commands | 1 | |
| Build / train | 73 | |
| Enter build submenu | 41 | |
| Enter hero's abilities submenu | 4 | |
| Give item / drop item | 4 | |
| Right click | 1545 | |
| Select / deselect | 187 | |
| Select group hotkey | 189 | |
| Use ability | 128 | |
2445 total
» units
| Peon | 22 | |
| Troll Batrider | 19 | |
| Kodo Beast | 2 | |
43 total
» upgrades
| Ranged Weapons | 3 | |
| Liquid Fire | 1 | |
| Armor | 1 | |
| Reinforced Defenses | 1 | |
6 total
» buildings
| Altar of Storms | 1 | |
| Orc Burrow | 6 | |
| War Mill | 1 | |
| Stronghold | 2 | |
| Voodoo Lounge | 6 | |
| Fortress | 1 | |
| Beastiary | 2 | |
| Great Hall | 1 | |
| Watch Tower | 18 | |
38 total
» build order
00:05 Altar of Storms
00:18 Orc Burrow
00:48 War Mill
02:20 Orc Burrow
03:19 Stronghold
03:19 Stronghold
04:42 Voodoo Lounge
04:47 Voodoo Lounge
04:51 Voodoo Lounge
05:17 Voodoo Lounge
05:44 Fortress
05:47 Beastiary
06:28 Beastiary
06:29 Orc Burrow
07:14 Voodoo Lounge
07:21 Orc Burrow
11:31 Great Hall
12:58 Watch Tower
13:01 Voodoo Lounge
18:51 Watch Tower
19:41 Watch Tower
20:16 Watch Tower
20:57 Watch Tower
20:59 Watch Tower
21:19 Watch Tower
21:58 Watch Tower
22:04 Orc Burrow
22:31 Orc Burrow
23:00 Watch Tower
23:04 Watch Tower
23:24 Watch Tower
24:06 Watch Tower
24:07 Watch Tower
24:09 Watch Tower
24:31 Watch Tower
24:34 Watch Tower
24:39 Watch Tower
25:15 Watch Tower
» items
| Healing Salve | 2 | |
| Lesser Clarity Potion | 5 | |
| Orb of Lightning | 1 | |
| Boots of Speed | 1 | |
| Staff of Teleportation | 1 | |
| Scroll of Town Portal | 1 | |
| Tiny Great Hall | 1 | |
12 total
TIMG4STRok (
blue | 82 APM | 2085 actions | 25:18)
4 Archmage
2 Blizzard
2 Brilliance Aura
» actions
| Assign group hotkey | 3 | |
| Basic commands | 16 | |
| Build / train | 140 | |
| ESC pressed | 9 | |
| Enter build submenu | 105 | |
| Enter hero's abilities submenu | 4 | |
| Give item / drop item | 3 | |
| Right click | 914 | |
| Select / deselect | 322 | |
| Select group hotkey | 176 | |
| Use ability | 393 | |
2085 total
» units
» upgrades
| Masonry | 3 | |
| Lumber Harvesting | 2 | |
| Magic Sentry | 1 | |
6 total
» buildings
| Farm | 8 | |
| Altar of Kings | 1 | |
| Lumber Mill | 3 | |
| Scout Tower | 207 | |
| Arcane Tower | 5 | |
| Guard Tower | 71 | |
| Town Hall | 3 | |
| Blacksmith | 2 | |
| Keep | 1 | |
| Arcane Sanctum | 2 | |
| Castle | 1 | |
| Arcane Vault | 1 | |
305 total
» build order
00:38 Farm
01:06 Altar of Kings
01:11 Lumber Mill
01:13 Scout Tower
01:14 Scout Tower
01:50 Scout Tower
02:00 Farm
02:15 Farm
02:20 Arcane Tower
02:22 Scout Tower
02:23 Scout Tower
02:26 Scout Tower
02:32 Farm
02:50 Guard Tower
02:58 Scout Tower
02:59 Scout Tower
03:00 Guard Tower
03:04 Scout Tower
03:05 Scout Tower
03:31 Guard Tower
03:32 Guard Tower
03:33 Guard Tower
04:25 Town Hall
04:28 Scout Tower
04:29 Scout Tower
04:29 Scout Tower
04:30 Scout Tower
04:33 Scout Tower
04:34 Scout Tower
04:49 Scout Tower
04:49 Scout Tower
04:51 Blacksmith
05:00 Guard Tower
05:22 Guard Tower
05:22 Arcane Tower
05:27 Guard Tower
05:36 Arcane Tower
05:36 Guard Tower
06:18 Scout Tower
06:18 Scout Tower
06:19 Scout Tower
06:47 Guard Tower
07:09 Town Hall
07:12 Scout Tower
07:13 Scout Tower
07:14 Scout Tower
07:14 Scout Tower
07:54 Town Hall
07:59 Scout Tower
08:00 Scout Tower
08:02 Scout Tower
08:12 Guard Tower
08:14 Scout Tower
08:15 Scout Tower
08:47 Guard Tower
08:49 Scout Tower
08:49 Scout Tower
08:50 Scout Tower
08:51 Scout Tower
09:00 Guard Tower
09:00 Arcane Tower
09:05 Keep
09:10 Blacksmith
09:13 Farm
09:14 Farm
09:16 Farm
09:26 Guard Tower
09:30 Scout Tower
09:30 Scout Tower
09:31 Scout Tower
09:32 Scout Tower
09:33 Scout Tower
09:33 Scout Tower
09:34 Scout Tower
09:35 Scout Tower
09:48 Guard Tower
09:51 Scout Tower
09:52 Scout Tower
09:53 Scout Tower
09:54 Scout Tower
10:10 Scout Tower
10:11 Scout Tower
10:14 Guard Tower
10:22 Guard Tower
10:23 Guard Tower
10:23 Guard Tower
10:25 Guard Tower
10:44 Scout Tower
10:46 Scout Tower
10:47 Scout Tower
10:48 Scout Tower
10:49 Scout Tower
10:49 Scout Tower
10:50 Scout Tower
10:51 Guard Tower
10:53 Scout Tower
10:54 Scout Tower
10:54 Scout Tower
10:55 Scout Tower
10:56 Scout Tower
10:56 Scout Tower
10:58 Scout Tower
10:59 Scout Tower
11:05 Scout Tower
11:07 Scout Tower
11:10 Scout Tower
11:11 Scout Tower
11:25 Guard Tower
11:32 Guard Tower
11:39 Arcane Sanctum
11:41 Arcane Sanctum
11:54 Guard Tower
12:03 Castle
12:11 Guard Tower
12:32 Guard Tower
12:35 Guard Tower
12:58 Guard Tower
13:23 Arcane Tower
13:25 Scout Tower
13:26 Scout Tower
13:39 Guard Tower
13:54 Scout Tower
13:55 Scout Tower
14:11 Scout Tower
14:12 Scout Tower
14:13 Scout Tower
14:13 Scout Tower
14:14 Scout Tower
14:15 Scout Tower
14:16 Scout Tower
14:17 Scout Tower
14:18 Scout Tower
14:23 Scout Tower
14:25 Scout Tower
14:26 Scout Tower
14:27 Scout Tower
14:27 Scout Tower
14:30 Guard Tower
14:33 Scout Tower
14:33 Scout Tower
14:36 Scout Tower
14:38 Scout Tower
14:38 Scout Tower
14:38 Scout Tower
14:39 Scout Tower
14:39 Scout Tower
14:39 Scout Tower
14:40 Scout Tower
14:40 Scout Tower
14:41 Scout Tower
14:42 Scout Tower
14:49 Scout Tower
14:49 Scout Tower
14:52 Scout Tower
14:52 Scout Tower
14:57 Lumber Mill
14:59 Arcane Vault
15:01 Guard Tower
15:03 Scout Tower
15:06 Scout Tower
15:07 Scout Tower
15:16 Guard Tower
15:19 Guard Tower
15:27 Guard Tower
15:29 Scout Tower
15:31 Scout Tower
15:32 Scout Tower
15:35 Guard Tower
15:38 Scout Tower
15:39 Scout Tower
15:40 Guard Tower
15:59 Guard Tower
16:05 Guard Tower
16:10 Scout Tower
16:11 Scout Tower
16:13 Scout Tower
16:14 Scout Tower
16:15 Scout Tower
16:16 Scout Tower
16:17 Scout Tower
16:19 Scout Tower
16:20 Scout Tower
16:22 Scout Tower
16:23 Scout Tower
16:25 Guard Tower
16:32 Guard Tower
16:36 Scout Tower
16:37 Scout Tower
16:52 Guard Tower
17:04 Guard Tower
18:06 Guard Tower
18:08 Scout Tower
18:09 Scout Tower
18:11 Scout Tower
18:12 Scout Tower
18:14 Guard Tower
18:18 Guard Tower
18:41 Guard Tower
18:43 Guard Tower
18:45 Scout Tower
18:46 Scout Tower
18:46 Scout Tower
18:47 Scout Tower
18:48 Scout Tower
18:49 Scout Tower
18:50 Scout Tower
18:50 Scout Tower
18:52 Scout Tower
18:52 Scout Tower
18:53 Scout Tower
18:53 Scout Tower
18:54 Scout Tower
18:54 Scout Tower
19:05 Guard Tower
19:09 Scout Tower
19:10 Scout Tower
19:10 Scout Tower
19:12 Scout Tower
19:13 Scout Tower
19:13 Scout Tower
19:14 Scout Tower
19:15 Scout Tower
19:16 Scout Tower
19:17 Scout Tower
19:18 Scout Tower
19:18 Scout Tower
19:19 Scout Tower
19:19 Scout Tower
19:20 Scout Tower
19:21 Scout Tower
19:22 Scout Tower
19:23 Scout Tower
19:25 Scout Tower
19:26 Scout Tower
19:34 Scout Tower
19:35 Scout Tower
19:36 Scout Tower
19:37 Scout Tower
19:40 Scout Tower
19:49 Scout Tower
19:50 Scout Tower
19:51 Scout Tower
19:52 Scout Tower
19:52 Scout Tower
19:53 Scout Tower
19:57 Guard Tower
19:59 Scout Tower
20:00 Scout Tower
20:01 Scout Tower
20:01 Scout Tower
20:04 Guard Tower
20:22 Guard Tower
20:23 Guard Tower
20:25 Guard Tower
21:26 Guard Tower
21:32 Guard Tower
21:34 Guard Tower
21:35 Guard Tower
21:52 Guard Tower
21:55 Scout Tower
21:57 Scout Tower
21:59 Scout Tower
22:00 Scout Tower
22:00 Scout Tower
22:01 Scout Tower
22:02 Scout Tower
22:02 Scout Tower
22:03 Scout Tower
22:05 Scout Tower
22:16 Guard Tower
22:19 Guard Tower
22:21 Guard Tower
22:29 Guard Tower
22:59 Guard Tower
23:02 Guard Tower
23:06 Scout Tower
23:07 Scout Tower
23:07 Scout Tower
23:08 Scout Tower
23:09 Scout Tower
23:10 Scout Tower
23:11 Scout Tower
23:12 Scout Tower
23:16 Guard Tower
23:20 Guard Tower
24:09 Guard Tower
24:12 Guard Tower
24:14 Scout Tower
24:15 Scout Tower
24:16 Scout Tower
24:17 Scout Tower
24:18 Scout Tower
24:20 Scout Tower
24:21 Scout Tower
24:22 Scout Tower
24:23 Scout Tower
24:23 Scout Tower
24:31 Guard Tower
25:07 Guard Tower
25:11 Guard Tower
» items
| Staff of Teleportation | 1 | |
| Boots of Speed | 1 | |
| Healing Salve | 1 | |
| Scroll of Town Portal | 1 | |
| Potion of Healing | 3 | |
| Orb of Lightning | 1 | |
8 total
Chat log
(00:10 / Allies) TIMG4STRok: 80%
(00:12 / All) thisis_IGGY: GET ONLINE
(00:19 / All) 4FebIggysReturn: GOLIATH : : ON LINE
(00:50 / All) Morragh: KÄSEKUCHEN :: ONLINE
(01:20 / All) Morragh: ich weiß XD
(02:00 / All) Morragh: ^^
(02:01 / All) Morragh: ja man
(02:09 / All) thisis_IGGY: hej du är bög
(02:13 / All) Morragh: klappe
(02:40 / All) thisis_IGGY: Klappa en broccolistjälk i truten rumpnisse
(02:50 / All) Morragh: klappe sag ich du sack
(03:51 / All) DOGSANDHORSE.RU: good surrounds
(03:59 / All) Morragh: lol
(04:05 / All) thisis_IGGY: excellent penis
(04:10 / All) Morragh: i know
(04:22 / All) thisis_IGGY: snackysnack
(12:35 / All) DOGSANDHORSE.RU: im tripping balls
(12:39 / All) DOGSANDHORSE.RU: w/ a friend
(13:18 / All) DOGSANDHORSE.RU: do you hate those demos
(13:19 / All) DOGSANDHORSE.RU: i mean
(13:22 / All) DOGSANDHORSE.RU: hate that they live
(13:48 / All) DOGSANDHORSE.RU: |lols and trolls
(17:00 / Allies) DOGSANDHORSE.RU: southeast
(17:02 / Allies) DOGSANDHORSE.RU: marketplace
(17:03 / Allies) DOGSANDHORSE.RU: engage
(17:04 / Allies) DOGSANDHORSE.RU: now
(17:06 / All) DOGSANDHORSE.RU: S
(17:07 / Allies) DOGSANDHORSE.RU: E
(17:08 / All) DOGSANDHORSE.RU: M
(17:09 / All) DOGSANDHORSE.RU: E
(17:09 / All) DOGSANDHORSE.RU: N
(18:40 / All) DOGSANDHORSE.RU: TEAL
(18:41 / All) DOGSANDHORSE.RU: WHY
(21:23 / All) thisis_IGGY: you guys blowé
(21:29 / All) DOGSANDHORSE.RU: http://highper.ch.
(21:46 / All) thisis_IGGY: thick towers on high perches
(21:49 / All) TIMG4STRok: MAYbe we try to[p